 Dungeon Crawl Stone Soup version 0.26-a0-597-gb535b0901c (webtiles) character file.

Game seed: 9378062940003992563

284 Alarkh the Ruffian (level 6, 44/44 HPs)
             Began as a Demonspawn Gladiator on Sept 12, 2020.
             Got out of the dungeon alive.
             The game lasted 00:02:53 (3076 turns).

Alarkh the Ruffian (Demonspawn Gladiator)           Turns: 3076, Time: 00:02:54

Health: 44/44      AC:  5    Str: 15    XL:     6   Next: 7%
Magic:  6/6        EV: 12    Int: 11    God:
Gold:   162        SH:  0    Dex: 14    Spells: 5/5 levels left

rFire    . . .     SeeInvis .     - Unarmed
rCold    . . .     Faith    +   (no shield)
rNeg     . . .     Spirit   .   a - +0 leather armour
rPois    .         Reflect  .   b - +1 helmet
rElec    .         Harm     .   (no cloak)
rCorr    .                      (no gloves)
MR       .....                  (no boots)
Stlth    +.........             m - amulet of faith
HPRegen  0.14/turn              (no ring)
MPRegen  0.10/turn              (no ring)

@: no status effects
A: claws 1, rot immunity
a: no special abilities


You escaped.
You visited 1 branch of the dungeon, and saw 3 of its levels.

You collected 162 gold pieces.

Inventory:

Missiles
 c - 3 throwing nets (quivered)
Armour
 a - a +0 leather armour (worn)
 b - a +1 helmet (worn)
Jewellery
 m - an amulet of faith (around neck)
Scrolls
 d - 2 scrolls of remove curse {unknown}
 e - 2 scrolls of teleportation
 j - a scroll of amnesia {unknown}
 k - a scroll of enchant weapon {unknown}
 l - a scroll of enchant armour
 o - a scroll of random uselessness {unknown}
 q - a scroll of fog {unknown}
Potions
 f - a potion of cancellation {unknown}
 g - a potion of magic {unknown}
 h - a potion of invisibility {unknown}
 i - a potion of degeneration {unknown}
 n - 2 potions of haste
 p - a potion of stabbing {unknown}


   Skills:
 - Level 2.0 Fighting
 - Level 1.7 Throwing
 - Level 2.6 Dodging
 + Level 6.2 Unarmed Combat


You had 5 spell levels left.
You didn't know any spells.
Your spell library was empty.

Dungeon Overview and Level Annotations

Branches:
Dungeon (3/15)

Altars:
Elyvilon
Xom


Innate Abilities, Weirdness & Mutations

You have sharp fingernails.
You are immune to rotting.


Message History

m - a small cabochon amulet No target in view!
You start putting on your amulet.
You continue putting on your small cabochon amulet. x5
You finish putting on your uncursed amulet of faith.
You feel a strange surge of divine interest.
m - an amulet of faith (around neck)
There is a stone staircase leading up here.
You climb upwards.
There is a stone staircase leading down here.
You see here 17 sling bullets.
There is a stone staircase leading up here.
You climb upwards.
There is a stone staircase leading down here.
There is an open door here.
There is an open door here.
There is an open door here.
There is a staircase leading out of the dungeon here.
Are you sure you want to leave the Dungeon?
This will make you lose the game!
You have escaped!

........########.########....#...
.......## ###.......### ##...#...
#.#...## ##...........## ##..#...
#.....# ##....#####....## #..#...
......# #...#########...# #..###.
.....####..##.......##..####.###.
####.# #...#..##'##..#...# #.....
####.# #..##.##...##.##..# #..##.
.....# #..##.##.@.##.##..# #..##.
.....# #..##.##...##.##..# #..##.
####.# #...#..#####..#...# #.###.
###..####..##.......##..####.# #.
......# #...####.####...# #..# #.
###...# ##....##'##....## #..# #.
#...## ##...........## ##..###.
#....## ###.......### ##.......
###.....#################........


There were no monsters in sight!

Vanquished Creatures
  2 orc priests (D:3)
  An orc wizard (D:3)
  Jessica (D:2)
  Terence (D:3)
  A worker ant (D:2)
  5 adders
  2 worms
  A dart slug (D:1)
  6 orcs
  2 giant cockroaches
  8 goblins
  9 hobgoblins
  7 jackals
  A quokka (D:2)
  8 bats
  3 frilled lizards
  4 kobolds
  6 rats
68 creatures vanquished.

Notes
Turn   | Place    | Note
-------+----------+-------------------------------------------
     0 | D:1      | Alarkh the Demonspawn Gladiator began the quest for the
                  | Orb.
     0 | D:1      | Reached XP level 1. HP: 16/16 MP: 1/1
   182 | D:1      | Reached skill level 3 in Unarmed Combat
   201 | D:1      | Gained mutation: You have sharp fingernails. [demonic
                  | ancestry]
   201 | D:1      | Reached XP level 2. HP: 20/22 MP: 2/2
   667 | D:2      | Reached skill level 4 in Unarmed Combat
   667 | D:2      | Reached XP level 3. HP: 13/27 MP: 3/3
  1383 | D:2      | Noticed Jessica
  1392 | D:2      | Killed Jessica
  1392 | D:2      | Reached XP level 4. HP: 30/33 MP: 4/4
  1448 | D:2      | Reached skill level 5 in Unarmed Combat
  1950 | D:3      | Reached XP level 5. HP: 35/38 MP: 5/5
  1991 | D:3      | Found a shimmering altar of Xom.
  2137 | D:3      | Found a white marble altar of Elyvilon.
  2670 | D:3      | Reached skill level 6 in Unarmed Combat
  2808 | D:3      | Noticed Terence
  2818 | D:3      | Killed Terence
  2818 | D:3      | Gained mutation: You are immune to rotting. [demonic
                  | ancestry]
  2818 | D:3      | Reached XP level 6. HP: 29/44 MP: 6/6
  3076 | D:$      | Got out of the dungeon alive.

Illustrated notes

Levels and vault maps discovered:
D:1:      dpeg_arrival_concentric_ovals, layout_loops_ring,
          kennysheep_crisscross
D:2:      layout_basic, uniq_jessica
D:3:      layout_loops_ring, lemuel_crystal_altar, elyvilon_altar_1,
          uniq_terence

Skill      XL: |  1  2  3  4  5 |
---------------+----------------+-----
Unarmed Combat | 3 4 5 6 |  6.2
Fighting       | |  2.0
Throwing       | |  1.7
Dodging        | |  2.6

Action                   |  1- 3 |  4- 6 || total
-------------------------+-------+-------++-------
Melee: Unarmed           |   129 |   124 ||   253
       Punch             |     4 |     1 ||     5
  Use: Potion            |     1 |     3 ||     4
       Scroll            |     1 |     1 ||     2
 Stab: Sleeping          |       |     1 ||     1
Armor: Leather armour    |    37 |    32 ||    69
       Skin              |     3 |       ||     3
Dodge: Dodged            |    97 |    50 ||   147

Table legend: (Time is in decaauts)
 A = Elapsed time spent in this place.
 B = Non-inter-level travel time spent in this place.
 C = Inter-level travel time spent in this place.
 D = Time resting spent in this place.
 E = Time spent auto-exploring this place.
 F = Levels seen in this place.
 G = Mean time per level.
                   A        B        C        D        E       F      G
               +--------+--------+--------+--------+--------+-----+--------+
         Total |   3044 |   2871 |    173 |    862 |   1502 |   3 | 1014.7 |
       Dungeon |   3044 |   2871 |    173 |    862 |   1502 |   3 | 1014.7 |
               +--------+--------+--------+--------+--------+-----+--------+

Top non-repeatable levels by time:
     D:2: 1494 daAuts
     D:1: 857 daAuts
     D:3: 692 daAuts
